Map: Deathaura LE

Players

SecretPoo

  • Race: Terran Terran
  • League: Diamond
  • Spawn Location: 5:00

A.I. 1 (Very Easy) - Winner!

  • Race: Protoss Protoss
  • Spawn Location: 11:00

VOD

Have the link to the VOD?

Description

Time

  • Played on: Aug. 3, 2020, 1:58 a.m.
  • Length: 4:15
Show
View Real Time Build Order
Export as new Build Order

SecretPoo Terran 

Build Orders: 2 Factory 

Get SALT Encoding   

  12  0:00  SCV  
  13  0:12  SCV  
  14  0:16  Supply Depot  
  14  0:24  SCV  
  15  0:38  SCV  
  15  0:40  Barracks  
  16  0:46  Refinery  
  16  0:50  SCV  
  17  1:02  SCV  
  18  1:14  SCV  
  19  1:26  Orbital Command  
  19  1:40  Command Center  
  19  1:52  Factory  
  19  1:56  SCV  
  20  2:03  Refinery  
  20  2:08  SCV, Barracks Tech Lab  
  21  2:20  Supply Depot, SCV  
  22  2:32  SCV  
  23  2:43  Siege Tank  
  26  2:44  SCV  
  27  2:55  Factory  
  27  2:56  SCV  
  26  2:58  Orbital Command  
  28  3:08  SCV  
  29  3:15  Barracks Reactor  
  29  3:21  SCV  
  29  3:26  Siege Tank  
  33  3:29  SCV  
  33  3:33  SCV  
  35  3:38  Command Center  
  35  3:41  SCV  
  35  3:46  SCV  
  37  3:53  SCV  
  38  3:58  SCV  
  39  4:08  Supply Depot  
  46  4:13  Supply Depot  
Show
View Real Time Build Order
Export as new Build Order

A.I. 1 (Very Easy) Protoss - Winner!

Build Orders:  

Get SALT Encoding   

  12  0:00  Probe  
  13  0:13  Probe  
  14  0:20  Pylon  
  14  0:36  Assimilator  
  14  0:43  Gateway  
  14  0:46  Pylon  
  14  1:15  Probe  
  14  1:23  Probe  
  15  1:32  Probe  
  16  1:34  Cybernetics Core  
  17  1:42  Probe  
  18  1:54  Probe  
  18  2:00  Warp Gate  
  19  2:02  Probe  
  20  2:13  Stalker  
Tags
 
League
Diamond
Matchup
PvT
Opening
2 Factory
Spawn Locations
Cross Positions
Add a new tag
Caveats
  • Supply blocks, unpowered buildings, or Contaminate may cause inaccurate times.
  • Supply counts are checked every 10 seconds.